 Dungeon Crawl Stone Soup version 0.26-a0-812-g31a745ddcd (webtiles) character file.

Game seed: 2050281786615628192

273 night the Gusty (level 6, -26/44 HPs)
             Began as a Gnoll Air Elementalist on Nov 25, 2020.
             Killed from afar by Edmund (33 damage)
             ... with an exploding inner flame
             ... hexed by the player character
             ... on level 4 of the Dungeon.
             The game lasted 00:08:52 (3167 turns).

night the Gusty (Gnoll Air Elementalist)            Turns: 3167, Time: 00:08:52

Health: -26/44     AC:  3    Str: 10    XL:     6   Next: 24%
Magic:  2/14       EV: 15    Int: 19    God:
Gold:   166        SH:  0    Dex: 16    Spells: 0/15 levels left

rFire    . . .     SeeInvis .   p - +6 flail
rCold    . . .     Faith    .   (no shield)
rNeg     . . .     Spirit   .   a - +0 robe
rPois    .         Reflect  .   q - +0 helmet
rElec    .         Harm     .   (no cloak)
rCorr    +         Rampage  .   (no gloves)
MR       .....                  (no boots)
Stlth    +++.......             (no amulet)
HPRegen  0.14/turn              r - ring of resist corrosion
MPRegen  0.14/turn              (no ring)

@: swift, quick
A: distributed training, fangs 1, strong nose
a: no special abilities


You were on level 4 of the Dungeon.
You visited 1 branch of the dungeon, and saw 4 of its levels.

You collected 166 gold pieces.

Inventory:

Hand Weapons
 l - a +0 long sword
 p - a +6 flail (weapon)
Missiles
 o - 39 arrows
Armour
 a - a +0 robe (worn)
 q - a +0 helmet (worn)
Jewellery
 r - a ring of resist corrosion (left hand)
Scrolls
 c - 4 scrolls of remove curse
 d - a scroll of fear {unknown}
 g - 2 scrolls of teleportation
 m - a scroll of random uselessness {unknown}
 n - 2 scrolls of blinking {unknown}
 u - a scroll of enchant weapon {unknown}
 v - a scroll of enchant armour {unknown}
 w - a scroll of noise {unknown}
Potions
 b - 2 potions of heal wounds
 e - a potion of curing
 f - 2 potions of attraction {unknown}
 h - a potion of haste {unknown}
 j - a potion of invisibility
 k - a potion of ambrosia
 s - a potion of berserk rage
 t - a potion of might {unknown}


   Skills:
 + Level 1.8 Fighting
 + Level 1.8 Short Blades
 + Level 1.8 Long Blades
 + Level 1.8 Axes
 + Level 1.8 Maces & Flails
 + Level 1.8 Polearms
 + Level 1.8 Staves
 + Level 1.8 Slings
 + Level 1.8 Bows
 + Level 1.8 Crossbows
 + Level 1.8 Throwing
 + Level 1.8 Armour
 + Level 4.9 Dodging
 + Level 4.5 Stealth
 + Level 1.8 Shields
 + Level 1.8 Unarmed Combat
 + Level 5.3 Spellcasting
 + Level 2.6 Conjurations
 + Level 1.4 Hexes
 + Level 1.4 Summonings
 + Level 1.4 Necromancy
 + Level 1.4 Translocations
 + Level 1.4 Transmutations
 + Level 1.4 Fire Magic
 + Level 1.4 Ice Magic
 + Level 5.6 Air Magic
 + Level 1.4 Earth Magic
 + Level 1.4 Poison Magic
 + Level 2.0 Invocations
 + Level 1.8 Evocations


You couldn't memorise any spells.
You knew the following spells:

 Your Spells              Type           Power        Failure   Level
a - Shock                 Conj/Air       ###.         2%          1
b - Airstrike             Air            ####......   12%         4
c - Static Discharge      Conj/Air       ###.....     7%          3
d - Lightning Bolt        Conj/Air       ###.......   52%         5
e - Swiftness             Air            ####....     1%          2

Your spell library contained the following spells:

 Spells                   Type           Power        Failure   Level


Dungeon Overview and Level Annotations

Branches:
Dungeon (4/15)
 Temple: D:4-7

Altars:
Wu Jian

Annotations:
D:3 2 transporters, harkrass's ghost, amateur DECj


Innate Abilities, Weirdness & Mutations

Your experience applies equally to all skills.
You have very sharp teeth.
Your uncanny sense of smell can sniff out nearby items.


Message History

Confirm with . or Enter, or press ? or * to list all spells.
Aiming: Shock (safe; 2% risk of failure)
Press: ? - help, Shift-Dir - straight line, f/p - Edmund
Aim: Edmund, wielding a +2 flail of protection and wearing a +0 scale mail (heavily wounded, berserk, inner flame)
The zap hits Edmund.
Flame seeps out of Edmund.
Edmund is heavily wounded.
The zap hits the hound.
Flame seeps out of the hound.
The hound is lightly wounded.
The hound is engulfed in blazing flames.
Flame seeps out of the hound.
Edmund is engulfed in blazing flames.
Flame seeps out of Edmund.
Edmund hits you with a +2 flail of protection!
* * * LOW HITPOINT WARNING * * *
The hound is engulfed in blazing flames.
The hound explodes!
The fiery explosion engulfs Edmund!!!
Edmund explodes!
The fiery explosion engulfs you!!
Ouch! That really hurt!
You die...

# #.# # #. .##..##.##.#####
#.. ................ # #.#
.##..#####.##### #.∆ #.#
#.##..#####.##### o.. #.#
#.##..#.......... .... #.#
#.##..#####.#.###
...§§##§###.##.†# #.#.# #
#.○§○§○○@.....#####.#.###
#§§##§###.###............
#.##.##.###.....#####.#.###
........................# #
...#.##.###..########.###
#..#.# #..# #.# #.#.# #..#
#.# #...# #..# #.#####
.h.###..# #..# #.†....


There were no monsters in sight!

Vanquished Creatures
  A bullfrog skeleton (D:4)
  Natasha (thrice) (D:2)
  8 adders
  3 worms
  A dart slug (D:1)
  6 orcs
  15 bats
  6 giant cockroaches
  13 hobgoblins
  2 quokkas (D:3)
  4 ball pythons
  8 frilled lizards
  7 goblins
  4 kobolds
  4 rats
85 creatures vanquished.

Notes
Turn   | Place    | Note
-------+----------+-------------------------------------------
     0 | D:1      | night the Gnoll Air Elementalist began the quest for the
                  | Orb.
     0 | D:1      | Reached XP level 1. HP: 13/13 MP: 6/6
    61 | D:1      | Reached skill level 2 in Conjurations
    99 | D:1      | Reached XP level 2. HP: 19/19 MP: 1/7
   555 | D:1      | Reached XP level 3. HP: 25/25 MP: 7/9
   718 | D:1      | Reached skill level 5 in Spellcasting
   767 | D:2      | Reached skill level 1 in Invocations
   853 | D:2      | Found an ornate altar of the Wu Jian Council.
   975 | D:2      | Reached skill level 1 in Fighting
   975 | D:2      | Reached skill level 1 in Short Blades
   975 | D:2      | Reached skill level 1 in Long Blades
   975 | D:2      | Reached skill level 1 in Axes
   975 | D:2      | Reached skill level 1 in Maces & Flails
   975 | D:2      | Reached skill level 1 in Polearms
   975 | D:2      | Reached skill level 1 in Staves
   975 | D:2      | Reached skill level 1 in Slings
   975 | D:2      | Reached skill level 1 in Bows
   975 | D:2      | Reached skill level 1 in Crossbows
   975 | D:2      | Reached skill level 1 in Throwing
   975 | D:2      | Reached skill level 1 in Armour
   975 | D:2      | Reached skill level 1 in Shields
   975 | D:2      | Reached skill level 1 in Unarmed Combat
   975 | D:2      | Reached skill level 1 in Evocations
   975 | D:2      | Reached XP level 4. HP: 32/32 MP: 2/11
  1097 | D:2      | Noticed Natasha
  1108 | D:2      | Killed Natasha
  1158 | D:2      | Learned a level 2 spell: Swiftness
  1164 | D:2      | Learned a level 4 spell: Airstrike
  1178 | D:2      | Reached skill level 1 in Hexes
  1178 | D:2      | Reached skill level 1 in Summonings
  1178 | D:2      | Reached skill level 1 in Necromancy
  1178 | D:2      | Reached skill level 1 in Translocations
  1178 | D:2      | Reached skill level 1 in Transmutations
  1178 | D:2      | Reached skill level 1 in Fire Magic
  1178 | D:2      | Reached skill level 1 in Ice Magic
  1178 | D:2      | Reached skill level 1 in Earth Magic
  1178 | D:2      | Reached skill level 1 in Poison Magic
  1259 | D:2      | You fall into a shaft and drop 1 floor!
  1450 | D:2      | Noticed Natasha
  1461 | D:2      | Killed Natasha
  1461 | D:2      | Reached XP level 5. HP: 37/37 MP: 6/12
  1604 | D:2      | Noticed Natasha
  1615 | D:2      | Killed Natasha
  1805 | D:3      | Learned a level 3 spell: Static Discharge
  1868 | D:3      | Found a transporter.
  1871 | D:3      | Noticed harkrass's ghost (amateur DECj)
  1959 | D:3      | Found a transporter.
  2908 | D:4      | Reached skill level 2 in Invocations
  2908 | D:4      | Reached XP level 6. HP: 44/44 MP: 7/13
  2915 | D:4      | Learned a level 5 spell: Lightning Bolt
  3148 | D:4      | Noticed Edmund
  3167 | D:4      | Killed Edmund
  3167 | D:4      | Killed from afar by Edmund

Illustrated notes

Levels and vault maps discovered:
D:1:      dpeg_arrival_fog, layout_rooms, st_stairs_14
D:2:      layout_rooms, lemuel_round_altar, minmay_3d_cube, uniq_natasha
D:3:      layout_loops_ring, gammafunk_ghost_stat_death, grunt_ministairs_5,
          kennysheep_generic_room_16
D:4:      layout_basic, uniq_edmund

Skill      XL: |  1  2  3  4  5 |
---------------+----------------+-----
Conjurations   | 2 |  2.6
Spellcasting   | 5 |  5.3
Invocations    | 1 2 |  2.0
Fighting       | 1 |  1.8
Short Blades   | 1 |  1.8
Long Blades    | 1 |  1.8
Axes           | 1 |  1.8
Maces & Flails | 1 |  1.8
Polearms       | 1 |  1.8
Staves         | 1 |  1.8
Slings         | 1 |  1.8
Bows           | 1 |  1.8
Crossbows      | 1 |  1.8
Throwing       | 1 |  1.8
Armour         | 1 |  1.8
Shields        | 1 |  1.8
Unarmed Combat | 1 |  1.8
Evocations     | 1 |  1.8
Hexes          | 1 |  1.4
Summonings     | 1 |  1.4
Necromancy     | 1 |  1.4
Translocations | 1 |  1.4
Transmutations | 1 |  1.4
Fire Magic     | 1 |  1.4
Ice Magic      | 1 |  1.4
Earth Magic    | 1 |  1.4
Poison Magic   | 1 |  1.4
Dodging        | |  4.9
Stealth        | |  4.5
Air Magic      | |  5.6

Action                   |  1- 3 |  4- 6 || total
-------------------------+-------+-------++-------
Melee: Long sword        |       |     4 ||     4
       Bite              |       |     3 ||     3
       Flail             |       |    25 ||    25
 Cast: Shock             |    59 |    85 ||   144
       Airstrike         |       |     4 ||     4
       Swiftness         |       |     1 ||     1
  Use: Scroll            |     1 |     5 ||     6
Armor: Robe              |     2 |     7 ||     9
Dodge: Dodged            |     5 |    52 ||    57
       Rpst.: Long sword |       |     9 ||     9

Table legend: (Time is in decaauts)
 A = Elapsed time spent in this place.
 B = Non-inter-level travel time spent in this place.
 C = Inter-level travel time spent in this place.
 D = Time resting spent in this place.
 E = Time spent auto-exploring this place.
 F = Levels seen in this place.
 G = Mean time per level.
                   A        B        C        D        E       F      G
               +--------+--------+--------+--------+--------+-----+--------+
         Total |   3197 |   3085 |    112 |    843 |   1736 |   4 |  799.2 |
       Dungeon |   3197 |   3085 |    112 |    843 |   1736 |   4 |  799.2 |
               +--------+--------+--------+--------+--------+-----+--------+

Top non-repeatable levels by time:
     D:3: 1227 daAuts
     D:2: 909 daAuts
     D:1: 757 daAuts
     D:4: 303 daAuts
